 Dungeon Crawl Stone Soup version 0.26-a0-599-gc8f6553 (webtiles) character file.

Game seed: 12022465925817355112

32 B1Gdaddy5 the Caller (level 3, 0/27 HPs)
             Began as a Hill Orc Summoner on Aug 29, 2020.
             Slain by a worm (10 damage)
             ... on level 2 of the Dungeon.
             The game lasted 00:16:06 (1933 turns).

B1Gdaddy5 the Caller (Hill Orc Summoner)            Turns: 1933, Time: 00:16:07

Health: 0/27       AC:  3    Str: 10    XL:     3   Next: 25%
Magic:  5/5        EV: 11    Int: 16    God:
Gold:   108        SH:  0    Dex: 11    Spells: 2/5 levels left

rFire    . . .     SeeInvis .   c - +0 club
rCold    . . .     Faith    .   (no shield)
rNeg     . . .     Spirit   .   f - +0 leather armour
rPois    .         Reflect  .   (no helmet)
rElec    .         Harm     .   (no cloak)
rCorr    .                      (no gloves)
MR       .....                  (no boots)
Stlth    +.........             (no amulet)
HPRegen  0.09/turn              (no ring)
MPRegen  0.09/turn              (no ring)

@: no status effects
A: no striking features
a: no special abilities


You were on level 2 of the Dungeon.
You visited 1 branch of the dungeon, and saw 2 of its levels.

You collected 108 gold pieces.

Inventory:

Hand Weapons
 c - a +0 club (weapon)
Missiles
 b - 30 stones (quivered)
Armour
 a - a +0 robe
 f - a +0 leather armour (worn)
Scrolls
 d - a scroll of identify {unknown}
Potions
 e - a potion of resistance {unknown}


   Skills:
 + Level 0.4 Fighting
 + Level 1.0 Maces & Flails
 + Level 0.4 Throwing
 + Level 1.8 Dodging
 + Level 1.7 Stealth
 + Level 0.2 Unarmed Combat
 + Level 1.6 Spellcasting
 + Level 4.4 Summonings


You had 2 spell levels left.
You knew the following spells:

 Your Spells              Type           Power        Failure   Level
a - Summon Small Mammal   Summ           ###.         4%          1
b - Call Imp              Summ           ###.....     8%          2

Your spell library contained the following spells:

 Spells                   Type           Power        Failure   Level
 Call Canine Familiar     Summ           ###.....     14%         3
 Summon Guardian Golem    Hex/Summ       #.......     34%         3
 Summon Ice Beast         Ice/Summ       #.......     75%         4
 Summon Lightning Spire   Summ/Air       #.......     75%         4


Dungeon Overview and Level Annotations

Branches:
Dungeon (2/15)

Altars:


Message History

You hit the worm.
The worm is almost dead.
The worm bites you.
Your crimson imp blinks!
You hit the worm but do no damage.
The worm is almost dead.
The worm closely misses you.
You barely miss the worm.
The worm is severely wounded.
The worm closely misses you.
You hit the worm but do no damage.
The worm is severely wounded.
Your crimson imp blinks!
You hit the worm but do no damage.
The worm is severely wounded.
The worm bites you!
You barely miss the worm.
The worm is severely wounded.
The worm bites you!
You die...

..# #.# #.# #.# #<#
#.####### #†.......
.######.########.#
..........5..@w..#
.#.####.##...........
#.########.#### #.#
.. ... .# #.. # #..
#..#


You could see a worm and a friendly crimson imp (summoned).

Vanquished Creatures
  A dart slug (D:1)
  A leopard gecko (D:1)
  A ball python (D:1)
  A giant cockroach (D:1)
  3 goblins (D:1)
  5 hobgoblins (D:1)
  A kobold (D:1)
  5 bats
  A frilled lizard (D:2)
  A rat (D:1)
20 creatures vanquished.

Vanquished Creatures (collateral kills)
  A dart slug (D:1)
  A goblin (D:1)
  2 hobgoblins (D:1)
  2 jackals (D:1)
  A frilled lizard (D:1)
7 creatures vanquished.

Grand Total: 27 creatures vanquished

Notes
Turn   | Place    | Note
-------+----------+-------------------------------------------
     0 | D:1      | B1Gdaddy5 the Hill Orc Summoner began the quest for the
                  | Orb.
     0 | D:1      | Reached XP level 1. HP: 14/14 MP: 3/3
     6 | D:1      | Noticed a water moccasin
     7 | D:1      | Noticed a redback
     7 | D:1      | Noticed a four-headed hydra
   338 | D:1      | Reached XP level 2. HP: 20/20 MP: 4/4
  1161 | D:1      | Learned a level 2 spell: Call Imp
  1229 | D:1      | Reached skill level 1 in Maces & Flails
  1400 | D:1      | Reached XP level 3. HP: 24/26 MP: 2/5
  1933 | D:2      | Slain by a worm

Illustrated notes

Levels and vault maps discovered:
D:1:      onia_arrival_zoo_common, layout_loops_ring
D:2:      layout_loops_ring, nicolae_qazlal_general_emergency

Skill      XL: |  1  2 |
---------------+-------+-----
Maces & Flails | 1 |  1.0
Fighting       | |  0.4
Throwing       | |  0.4
Dodging        | |  1.8
Stealth        | |  1.7
Unarmed Combat | |  0.2
Spellcasting   | |  1.6
Summonings     | |  4.4

Action                   || total
-------------------------++-------
Melee: Club              ||    86
       Unarmed           ||     7
Throw: Stone             ||    47
 Cast: Call Imp          ||     8
 Stab: Sleeping          ||     2
       Distracted        ||     1
Armor: Robe              ||    19
       Leather armour    ||     5
Dodge: Dodged            ||    83

Table legend: (Time is in decaauts)
 A = Elapsed time spent in this place.
 B = Non-inter-level travel time spent in this place.
 C = Inter-level travel time spent in this place.
 D = Time resting spent in this place.
 E = Time spent auto-exploring this place.
 F = Levels seen in this place.
 G = Mean time per level.
                   A        B        C        D        E       F      G
               +--------+--------+--------+--------+--------+-----+--------+
         Total |   1959 |   1939 |     20 |    789 |    553 |   2 |  979.5 |
       Dungeon |   1959 |   1939 |     20 |    789 |    553 |   2 |  979.5 |
               +--------+--------+--------+--------+--------+-----+--------+

Top non-repeatable levels by time:
     D:1: 1912 daAuts
     D:2: 47 daAuts
